 Dungeon Crawl Stone Soup version 0.18-a0-824-g47fe746 (webtiles) character file.

657 cluie the Chiller (level 7, -1/52 HPs)
             Began as a Demonspawn Ice Elementalist on Dec 17, 2015.
             Slain by a killer bee (6 damage)
             ... on level 4 of the Dungeon.
             The game lasted 00:07:38 (3239 turns).

cluie the Chiller (Demonspawn Ice Elementalist)     Turns: 3239, Time: 00:07:38

Health: -1/52      AC:  7    Str:  8    XL:     7   Next: 29%
Magic:  11/13      EV: 13    Int: 23    God:
Gold:   138        SH:  3    Dex: 14    Spells: 3 memorised, 6 levels left

rFire  . . .     SeeInvis +     s - +2 quarterstaff (chaos)
rCold  . . .     Gourm    .     n - +0 robe (curse)
rNeg   . . .     Faith    .     (shield currently unavailable)
rPois  .         Spirit   .     (no helmet)
rElec  .         Dismiss  .     t - +0 cloak
rCorr  .         Reflect  +     (no gloves)
SustAt .         Harm     .     o - +1 pair of boots
MR     .....                    q - +3 amulet of reflection
Stlth  +++.......               k - ring of see invisible
                                j - ring of stealth

@: brilliant, lethally poisoned (-1 -> -5), not resistant to hostile
enchantments, fairly stealthy
A: slimy green scales 1
a: no special abilities


You were on level 4 of the Dungeon.
You were not hungry.

You visited 1 branch of the dungeon, and saw 4 of its levels.

You collected 138 gold pieces.

Inventory:

Hand Weapons
 s - a +2 quarterstaff of chaos (weapon)
Armour
 n - a cursed +0 robe (worn)
 o - a +1 pair of boots (worn)
 t - a +0 cloak (worn)
Jewellery
 j - a ring of stealth (left hand)
 k - a ring of see invisible (right hand)
 q - a +3 amulet of reflection (around neck)
 G - an uncursed ring of fire
Wands
 p - a wand of confusion (16)
 r - a wand of flame (23)
 y - a wand of flame (22)
 B - a wand of frost (34)
Scrolls
 f - 2 scrolls of fog {unknown}
 g - 2 scrolls of magic mapping
 i - a scroll of amnesia {unknown}
 m - 2 scrolls of teleportation {unknown}
 u - a scroll of enchant weapon {unknown}
 v - a scroll of blinking {unknown}
 A - 2 scrolls of identify
 C - a scroll of remove curse {unknown}
Potions
 d - a potion of magic
 e - a potion of brilliance
 h - a potion of haste {unknown}
 l - 6 potions of cancellation
 x - 2 potions of curing {unknown}
 z - a potion of lignification {unknown}
Books
 b - a book of Frost

   Spells                             Type                      Level
   a - Freeze                         Ice                          1
   b - Throw Frost                    Conjuration/Ice              2
   c - Ozocubu's Armour               Charms/Ice                   3
   d - Throw Icicle                   Conjuration/Ice              4
   e - Summon Ice Beast               Ice/Summoning                4
   f - Condensation Shield            Ice                          4
 F - a book of the Tempests

   Spells                             Type                      Level
   a - Static Discharge               Conjuration/Air              3
   b - Lightning Bolt                 Conjuration/Air              5
   c - Fireball                       Conjuration/Fire             5
   d - Tornado                        Air                          9
   e - Shatter                        Earth                        9
Comestibles
 a - a meat ration
 c - 4 bread rations
 w - 2 slices of pizza
 D - 14 chunks of flesh
 E - a beef jerky


   Skills:
 + Level 3.3 Fighting
 + Level 3.5 Dodging
 - Level 1.7 Stealth
 + Level 4.0 Spellcasting
   Level 1.0 Conjurations
 + Level 2.4 Summonings
 + Level 4.4 Ice Magic


You had 6 spell levels left.
You knew the following spells:

 Your Spells              Type           Power        Failure   Level  Hunger
a - Freeze                Ice            ####         1%          1    None
b - Ozocubu's Armour      Chrm/Ice       ####....     1%          3    ##.....
c - Summon Ice Beast      Ice/Summ       ####....     3%          4    ####...


Dungeon Overview and Level Annotations

Branches:
Dungeon (4/15)
 Temple: D:4-7

Altars:
Trog


Innate Abilities, Weirdness & Mutations

You are partially covered in slimy green scales (AC +2).


Message History

The killer bee is heavily wounded.
* * * LOW HITPOINT WARNING * * *
You feel sick. The killer bee misses you. The killer bee closely misses you.
Casting: Freeze
Confirm with . or Enter, or press ? or * to list all spells.
Aiming: Freeze
Press: ? - help, Shift-Dir - straight line, f/p - killer bee
Aim: a killer bee (heavily wounded)
You freeze the killer bee.
The killer bee is almost dead.
* * * LOW HITPOINT WARNING * * *
You feel sick.
The killer bee stings you but does no damage.
The killer bee barely misses you.
Drink which item? (? for menu, Esc to quit)
It was a potion of brilliance.
You feel clever all of a sudden.
* * * LOW HITPOINT WARNING * * *
You feel sick. The killer bee stings you.
You die...

..# .. #.# .. ######+###
#.# #. ###........#
###.##. .##.........
..... .##......... .W.
.##......... #y#
.##.[....... #@#####..
.##.........####........
.....######.....#####...
####.# #.#....# ..##.#
#......#
..##.#####......######
..##.....#..#........#
..######.#..#.)......#
..#....#....#........#


You could see a phantom and a killer bee.

Vanquished Creatures
  An orc warrior (D:3)
  A big kobold (D:4)
  3 killer bees (D:4)
  An orc priest (D:4)
  Crazy Yiuf (D:2)
  Jessica (D:2)
  Natasha (thrice) (D:2)
  A worker ant (D:3)
  2 orc wizards (D:4)
  5 adders
  A shadow imp (D:3)
  4 worms
  A giant gecko (D:3)
  21 orcs
  2 ball pythons
  9 bats
  2 giant cockroaches
  7 goblins
  4 hobgoblins
  4 jackals (D:3)
  10 kobolds
  2 quokkas
  3 giant newts
  8 rats
97 creatures vanquished.

Notes
Turn   | Place    | Note
--------------------------------------------------------------
     0 | D:1      | cluie the Demonspawn Ice Elementalist began the quest for the Orb.
     0 | D:1      | Reached XP level 1. HP: 13/13 MP: 3/3
   245 | D:1      | Gained mutation: You are partially covered in slimy green scales (AC +2). [demonic ancestry]
   245 | D:1      | Reached XP level 2. HP: 8/20 MP: 1/5
   867 | D:2      | Noticed Natasha
   957 | D:2      | Killed Natasha
   957 | D:2      | Reached skill level 1 in Fighting
   957 | D:2      | Reached skill level 3 in Ice Magic
   957 | D:2      | Reached XP level 3. HP: 17/26 MP: 2/6
  1034 | D:2      | Noticed Natasha
  1039 | D:2      | Killed Natasha
  1050 | D:2      | Learned a level 3 spell: Ozocubu's Armour
  1136 | D:2      | Noticed Jessica
  1151 | D:2      | Killed Jessica
  1151 | D:2      | Reached XP level 4. HP: 25/33 MP: 4/8
  1232 | D:2      | Noticed Natasha
  1234 | D:2      | Killed Natasha
  1688 | D:2      | Noticed Crazy Yiuf
  1694 | D:2      | Killed Crazy Yiuf
  1954 | D:2      | Reached XP level 5. HP: 35/38 MP: 9/9
  2545 | D:3      | Learned a level 4 spell: Summon Ice Beast
  2663 | D:3      | Found a bloodstained altar of Trog.
  2664 | D:3      | Noticed an orc warrior
  2679 | D:3      | Killed an orc warrior
  2679 | D:3      | Reached skill level 1 in Summonings
  2679 | D:3      | Reached skill level 4 in Ice Magic
  2679 | D:3      | Reached XP level 6. HP: 24/46 MP: 1/11
  3195 | D:4      | Reached XP level 7. HP: 49/52 MP: 6/12
  3239 | D:4      | Slain by a killer bee

Vault maps used:
D:1:      lightli_molten_gateway
D:2:      minmay_door_path, uniq_natasha, uniq_jessica, uniq_crazy_yiuf_cottage
D:3:      first_bread, trog_book
D:4:      johnstein_pakellas_death_squad, kennysheep_mini, portal_sewer_entry_e

Action                   |  1- 3 |  4- 6 |  7- 9 || total
-------------------------+-------+-------+-------++-------
Melee: Unarmed           |    18 |       |       ||    18
       Dagger            |    10 |    15 |       ||    25
       Quarterstaff      |       |   147 |     6 ||   153
 Cast: Freeze            |    33 |    52 |    15 ||   100
       Ozocubu's Armour  |       |     1 |       ||     1
  Use: Scroll            |       |     3 |       ||     3
       Potion            |       |       |     2 ||     2
 Stab: Sleeping          |     1 |    17 |       ||    18
       Distracted        |     1 |       |       ||     1
       Paralysed         |       |     5 |       ||     5
  Eat: Chunk             |     1 |     7 |       ||     8
